 Dungeon Crawl Stone Soup version 0.19.5 (webtiles) character file.

79 Gargoyl the Skirmisher (level 4, -6/40 HPs)
             Began as a Ghoul Abyssal Knight on Mar 7, 2017.
             Was a Follower of Lugonu.
             Splashed by a jelly's acid (10 damage)
             ... on level 3 of the Dungeon on Mar 8, 2017.
             The game lasted 00:06:25 (1794 turns).

Gargoyl the Skirmisher (Ghoul Abyssal Knight)       Turns: 1794, Time: 00:06:26

Health: -6/40      AC: -4    Str: 15    XL:     4   Next: 38%
Magic:  5/5        EV: 10    Int:  7    God:    Lugonu [*.....]
Gold:   138        SH:  0    Dex:  9    Spells: 0 memorised, 3 levels left

rFire  + . .     SeeInvis .     a - +1 hand axe
rCold  + . .     Gourm    .     k - +0 ring mail
rNeg   + + +     Faith    .     (no shield)
rPois  ∞         Spirit   .     e - +2 hat
rElec  .         Reflect  .     (no cloak)
rCorr  .         Harm     .     (no gloves)
MR     .....                    (no boots)
Stlth  ..........               (no amulet)
                                (no ring)
                                m - ring of protection from fire

@: confused, corroded, rotting
A: rotting body, claws 1, carnivore 3, cold resistance 1, negative energy
resistance 3, slow regeneration 1, torment resistance, unbreathing
a: Depart the Abyss, Renounce Religion


You were on level 3 of the Dungeon.
You worshipped Lugonu.
Lugonu was aware of your devotion.
You were not hungry.

You visited 1 branch of the dungeon, and saw 3 of its levels.
You visited the Abyss 1 time.

You collected 138 gold pieces.

Inventory:

Hand Weapons
 a - a +1 hand axe (weapon)
Armour
 e - a +2 hat (worn)
 k - a +0 ring mail (worn)
Jewellery
 m - a ring of protection from fire (left claw)
Scrolls
 h - 2 scrolls of remove curse
Potions
 b - a potion of might {unknown}
 f - 2 potions of brilliance {unknown}
 j - 2 potions of mutation {unknown}
 l - a potion of heal wounds {unknown}
Comestibles
 c - 2 meat rations
 i - 2 slices of pizza


   Skills:
 + Level 4.0 Fighting
 + Level 2.2 Axes
 * Level 2.5 Armour
 + Level 1.1 Dodging
 * Level 2.8 Invocations


You had 3 spell levels left.
You didn't know any spells.

Dungeon Overview and Level Annotations

Branches:
Dungeon (3/15)

Altars:


Innate Abilities, Weirdness & Mutations

Your body is rotting away.
You thrive on raw meat.
You are immune to poison.
You have sharp fingernails.
You are carnivorous and can eat meat at any time.
Your flesh is cold resistant. (rC+)
You are immune to negative energy. (rN+++)
You regenerate slowly when monsters are visible.
You are immune to unholy pain and torment.
You can survive without breathing.


Message History

You hit the jelly. The acid corrodes you!
Your claws burn!
The jelly is severely wounded.
The jelly barely misses you.
You hit the jelly but do no damage.
Your claws burn!
The jelly is severely wounded.
The jelly hits you.
You are splashed with acid!
The acid burns!
You completely miss the jelly.
The jelly is severely wounded.
The jelly closely misses you.
You are confused.
You feel invigorated. The jelly hits you. The acid corrodes you!
You are splashed with acid!
The acid burns!
* * * LOW HITPOINT WARNING * * *
You hit the jelly but do no damage.
Your claws burn!
* * * LOW HITPOINT WARNING * * *
The jelly is severely wounded.
The jelly hits you.
* * * LOW HITPOINT WARNING * * *
The acid corrodes you!
You are splashed with acid!
The acid burns!
You die...

#############
#.........<.#
#.###.#######
#...# #####..#
#......#
#.###.##...#..#
#.....J@.....#
................
################


You could see a jelly.

Vanquished Creatures
  2 adders (D:2)
  A gnoll (D:1)
  An ooze (D:1)
  A worm (D:2)
  2 dart slugs (D:1)
  A leopard gecko (D:2)
  5 giant cockroaches
  4 goblins
  4 hobgoblins
  4 kobolds
  A ball python (D:2)
  3 bats
  5 frilled lizards
  9 rats
43 creatures vanquished.

Notes
Turn   | Place    | Note
-------+----------+-------------------------------------------
     0 | Abyss:1  | Gargoyl the Ghoul Abyssal Knight began the quest for the Orb.
     0 | Abyss:1  | Reached XP level 1. HP: 19/19 MP: 1/1
    82 | Abyss:2  | Noticed a small abomination
   104 | Abyss:2  | Noticed a small abomination
   108 | Abyss:2  | Noticed a golden dragon skeleton
   108 | Abyss:2  | Noticed a chaos spawn
   129 | Abyss:2  | Noticed a starcursed mass
   131 | Abyss:2  | Noticed a mana viper
   132 | D:1      | Escaped the Abyss
   220 | D:1      | Reached XP level 2. HP: 21/26 MP: 2/2
   349 | D:1      | Reached * piety under Lugonu
   462 | D:1      | Reached skill level 1 in Dodging
   462 | D:1      | Reached XP level 3. HP: 25/33 MP: 3/3
  1186 | D:2      | Reached XP level 4. HP: 40/40 MP: 5/5
  1274 | D:2      | Reached skill level 4 in Fighting
  1794 | D:3      | HP: 2/40 [acid (4)]
  1794 | D:3      | Splashed by a jelly's acid

Skill      XL: |  1  2  3  4 |
---------------+-------------+-----
Armour         | 2 |  2.5
Dodging        | 1 |  1.1
Axes           | 2 |  2.2
Fighting       | 4 |  4.0
Invocations    | |  2.8

Action                   |  1- 3 |  4- 6 || total
-------------------------+-------+-------++-------
Melee: Hand axe          |   106 |    60 ||   166
Invok: Depart the Abyss  |     1 |       ||     1
  Use: Scroll            |     6 |       ||     6
       Potion            |       |     1 ||     1
  Eat: Chunk             |     8 |     3 ||    11
Armor: Leather armour    |    22 |       ||    22
       Ring mail         |    17 |    36 ||    53
Dodge: Dodged            |    55 |    46 ||   101
